 Dungeon Crawl Stone Soup version 0.24-a0-378-g94936e539c (webtiles) character file.

Game seed: 13504941442203766427

109 bourbon the Stinger (level 4, 0/27 HPs)
             Began as an Octopode Venom Mage on June 1, 2019.
             Succumbed to an orc wizard's poison
             ... on level 4 of the Dungeon.
             The game lasted 00:03:16 (1806 turns).

bourbon the Stinger (Octopode Venom Mage)           Turns: 1806, Time: 00:03:17

Health: 0/27       AC:  1    Str:  7    XL:     4   Next: 90%
Magic:  7/7        EV: 14    Int: 17    God:
Gold:   99         SH:  0    Dex: 13    Spells: 4/7 levels left

rFire    . . .     SeeInvis .   f - +0 dagger
rCold    . . .     Gourm    .   (no shield)
rNeg     . . .     Faith    .   (helmet restricted)
rPois    .         Spirit   .   (no amulet)
rElec    .         Reflect  .   (no ring)
rCorr    .         Harm     .   (no ring)
MR       .....                  (no ring)
Stlth    ++........             (no ring)
HPRegen  0.09/turn              (no ring)
MPRegen  0.10/turn              (no ring)
                                (no ring)
                                (no ring)

@: confused, lethally poisoned (0 -> -16)
A: almost no armour, stealthy swim, amphibious, 8 rings, constrict 8, camouflage
1, gelatinous body 1
a: no special abilities


You were on level 4 of the Dungeon.
You were not hungry.

You visited 1 branch of the dungeon, and saw 3 of its levels.

You collected 99 gold pieces.

Inventory:

Hand Weapons
 f - a +0 dagger (weapon)
Missiles
 e - 16 poisoned darts (quivered)
Scrolls
 a - a scroll of noise {unknown}
 g - a scroll of enchant armour {unknown}
 h - a scroll of teleportation {unknown}
 k - a scroll of remove curse {unknown}
 l - a scroll of identify {unknown}
Potions
 c - a potion of ambrosia
 d - a potion of cancellation {unknown}
 i - a potion of berserk rage {unknown}
 m - a potion of curing {unknown}
Comestibles
 b - 5 rations
 j - 4 chunks of flesh


   Skills:
 + Level 0.4 Fighting
 + Level 1.0 Short Blades
 + Level 2.8 Dodging
 - Level 2.6 Stealth
 + Level 2.4 Spellcasting
 + Level 1.0 Conjurations
 * Level 1.6 Air Magic
 + Level 4.7 Poison Magic


You had 4 spell levels left.
You knew the following spells:

 Your Spells              Type           Power        Failure   Level  Hunger
a - Sting                 Conj/Pois      ##..         6%          1    #......
b - Poisonous Vapours     Pois/Air       ##....       8%          2    ##.....

Your spell library contained the following spells:

 Spells                   Type           Power        Failure   Level  Hunger
 Mephitic Cloud           Conj/Pois/Air  ##......     21%         3    ###....
 Olgreb's Toxic Radiance  Pois           ###.....     26%         4    #####..
 Venom Bolt               Conj/Pois      ##........   85%         5    ######.


Dungeon Overview and Level Annotations

Branches:
Dungeon (2/15)

Altars:


Innate Abilities, Weirdness & Mutations

You cannot wear most types of armour.
You are very stealthy in the water. (Stealth+)
You are amphibious.
You can wear up to eight rings at the same time.
You can use your tentacles to constrict eight enemies at once.
Your skin changes colour to match your surroundings (Stealth+).
Your rubbery body absorbs attacks. (AC +1, EV +1)


Message History

The orc wizard looks more healthy.
The orc wizard hits you with a +1 dagger of venom.
You are poisoned.
You barely miss the orc wizard. Your squeeze misses the orc wizard.
The orc wizard is almost dead.
You feel sick.
The orc wizard hits you with a +1 dagger of venom.
You are lethally poisoned!
You're too confused to move!
You feel sick.
The orc wizard points at you and mumbles some strange words.
The magic dart hits you!
* * * LOW HITPOINT WARNING * * *
You bump into the rock wall.
* * * LOW HITPOINT WARNING * * *
You feel sick. The orc wizard closely misses you.
You bump into the rock wall.
* * * LOW HITPOINT WARNING * * *
You feel sick. The orc wizard closely misses you.
You bump into the rock wall.
You die... # lo#

.##.#####o#
..........###.=
#.).$...$.
#.######.# #.#
# #.# #.##o#
#..@.# #.####
.. ##


You could see an orc wizard.

Vanquished Creatures
  An orc priest (D:4)
  4 adders (D:2)
  A dart slug (D:1)
  A leopard gecko (D:4)
  An orc (D:4)
  2 bats
  6 giant cockroaches
  5 goblins
  6 hobgoblins
  2 jackals (D:1)
  2 kobolds (D:1)
  A quokka (D:2)
  A ball python (D:1)
  5 frilled lizards
38 creatures vanquished.

Notes
Turn   | Place    | Note
-------+----------+-------------------------------------------
     0 | D:1      | bourbon the Octopode Venom Mage began the quest for the
                  | Orb.
     0 | D:1      | Reached XP level 1. HP: 11/11 MP: 3/3
   115 | D:1      | Reached XP level 2. HP: 16/17 MP: 5/5
   122 | D:1      | Learned a level 2 spell: Poisonous Vapours
   238 | D:1      | Reached skill level 4 in Poison Magic
   886 | D:1      | Reached XP level 3. HP: 18/21 MP: 6/6
  1154 | D:2      | Reached skill level 1 in Air Magic
  1609 | D:2      | Reached XP level 4. HP: 24/27 MP: 3/7
  1764 | D:2      | You fall into a shaft and drop 2 floors!
  1776 | D:4      | Reached skill level 1 in Short Blades
  1806 | D:4      | Succumbed to an orc wizard's poison

Levels and vault maps discovered:
D:1:      minmay_arrival_arboretum_large, layout_loops_ring,
          minmay_misc_feat_four_crosses, serial_bayou_pond_e,
          minmay_misc_feat_more_columns, minmay_misc_feat_enclosed
D:2:      layout_loops_ring, gammafunk_temple_overflow_pools,
          nicolae_qazlal_style_of_elements, minmay_fountain_box
D:4:      layout_loops_ring, minmay_temple_entry_wispy, first_ration

Skill      XL: |  1  2  3  4 |
---------------+-------------+-----
Poison Magic   | 4 |  4.7
Air Magic      | 1 |  1.6
Short Blades   | 1 |  1.0
Fighting       | |  0.4
Dodging        | |  2.8
Stealth        | |  2.6
Spellcasting   | |  2.4
Conjurations   | |  1.0

Action                   |  1- 3 |  4- 6 || total
-------------------------+-------+-------++-------
Melee: Unarmed           |    34 |       ||    34
       Constrict         |    21 |     4 ||    25
       Tentacles         |    15 |     1 ||    16
       Dagger            |    48 |    11 ||    59
Throw: Dart              |     2 |       ||     2
 Cast: Poisonous Vapours |     4 |     4 ||     8
  Use: Potion            |       |     1 ||     1
 Stab: Sleeping          |     5 |     2 ||     7
  Eat: Chunk             |     2 |     1 ||     3
Armor: Skin              |    14 |     1 ||    15
Dodge: Dodged            |    60 |     9 ||    69

Table legend:
 A = Non-vault XP
 B = Vault XP
 C = Vault XP percentage of total XP
 D = Non-vault monster count
 E = Vault monster count
 F = Vault count percentage of total count
                 A         B        C        D         E       F
            +---------+---------+-------+---------+---------+-------
      Total |     157 |       0 |   0.0 |      38 |       0 |   0.0
            +---------+---------+-------+---------+---------+-------
        D:1 |      36 |       0 |   0.0 |      20 |       0 |   0.0
        D:2 |      71 |       0 |   0.0 |      15 |       0 |   0.0
        D:4 |      50 |       0 |   0.0 |       3 |       0 |   0.0
            +---------+---------+-------+---------+---------+-------
